Map: [ESL] Gresvan

Players

Bunny - Winner!

  • Race: Terran Terran
  • Spawn Location: 11:00

Scarlett

  • Race: Zerg Zerg
  • Spawn Location: 5:00

Event: ESL SC2 Masters 2023 Summer (Finals)

VOD

Have the link to the VOD?

Description

Time

  • Played on: June 16, 2023, 6:24 a.m.
  • Length: 5:48

All games in this series

Show
View Real Time Build Order
Export as new Build Order

Bunny Terran - Winner!

Build Orders: Hellion Opening, Reaper Expand 

Get SALT Encoding   

  12  0:00  SCV  
  13  0:12  SCV  
  14  0:17  Supply Depot  
  14  0:24  SCV  
  15  0:38  SCV  
  15  0:40  Barracks  
  15  0:42  Refinery  
  16  0:50  SCV  
  17  1:02  SCV  
  18  1:14  SCV  
  19  1:27  Orbital Command, Reaper  
  20  1:39  Command Center  
  20  1:46  Supply Depot  
  20  1:52  SCV  
  21  1:58  Marine  
  22  2:04  SCV  
  22  2:07  Factory  
  23  2:16  SCV  
  23  2:17  Refinery  
  23  2:20  Barracks Reactor  
  24  2:28  SCV  
  25  2:40  SCV  
  26  2:51  Orbital Command  
  26  2:52  Starport  
  26  2:53  SCV  
  27  3:01  Hellion x2  
  27  3:02  Barracks Tech Lab  
  27  3:05  SCV  
  32  3:17  SCV x2  
  34  3:22  Marauder  
  34  3:23  Hellion x2  
  34  3:26  Supply Depot  
  40  3:29  Viking  
  42  3:37  SCV x2  
  44  3:43  Marauder  
  44  3:48  Hellion x2  
  50  3:51  Supply Depot  
  50  3:57  Armory  
  50  3:59  Medivac  
  52  4:04  Marauder  
  52  4:07  Concussive Shells  
  54  4:13  Hellion x2  
  54  4:16  Supply Depot  
  58  4:18  SCV x2  
  60  4:34  Hellion  
  60  4:38  Hellion  
  64  4:40  SCV x2  
  64  4:43  Command Center  
  66  4:52  Supply Depot  
  66  4:55  SCV x2  
  68  5:02  Hellion  
  70  5:14  Marine, Hellion  
  73  5:19  SCV  
  73  5:20  SCV  
  75  5:24  Hellion  
  73  5:41  Barracks  
  74  5:43  Barracks  
  74  5:46  Engineering Bay  
  72  5:47  Engineering Bay  
Show
View Real Time Build Order
Export as new Build Order

Scarlett Zerg 

Build Orders: Hatch First 

Get SALT Encoding   

  12  0:00  Drone  
  13  0:13  Overlord  
  13  0:17  Drone  
  14  0:31  Drone x2  
  16  0:46  Hatchery  
  15  0:50  Drone  
  15  0:53  Drone  
  18  0:57  Drone  
  18  1:07  Extractor  
  17  1:12  Spawning Pool  
  17  1:15  Drone  
  17  1:18  Drone  
  18  1:28  Drone  
  19  1:39  Drone  
  20  1:49  Drone  
  21  1:58  Queen  
  21  1:59  Queen, Zergling x2  
  21  2:00  Zergling x2  
  27  2:09  Drone  
  27  2:11  Overlord  
  28  2:19  Hatchery  
  28  2:22  Drone  
  28  2:32  Drone x2  
  29  2:37  Queen  
  29  2:42  Drone, Metabolic Boost  
  32  2:48  Overlord  
  32  2:51  Drone  
  32  2:55  Drone x2  
  35  3:10  Drone x5  
  35  3:11  Queen  
  42  3:19  Queen  
  43  3:22  Overlord  
  43  3:32  Zergling x8  
  47  3:35  Drone  
  47  3:40  Queen  
  50  3:42  Drone  
  50  3:43  Drone x2  
  50  3:46  Drone x2  
  55  3:50  Drone x2  
  57  4:00  Overlord  
  57  4:03  Overlord  
  57  4:09  Overlord  
  57  4:19  Drone x2  
  57  4:20  Drone x6  
  57  4:21  Overlord, Queen  
  67  4:25  Drone, Lair  
  67  4:26  Drone  
  67  4:30  Drone x3  
  72  4:35  Queen  
  74  4:48  Roach Warren  
  74  4:49  Extractor, Drone x8  
  80  4:53  Zergling x6  
  80  4:55  Zergling x6  
  86  5:10  Overlord x2  
  86  5:13  Overlord  
  80  5:23  Zergling x8  
  80  5:27  Zergling x2  
  81  5:28  Zergling x10  
Tags
 
Add a new tag
Caveats
  • Supply blocks, unpowered buildings, or Contaminate may cause inaccurate times.
  • Supply counts are checked every 10 seconds.